Workbook
Name __MAIN__: #REF!
Name __memParams__: #REF!
Name __qryTitLiq__: #REF!
Name AMORTIZACAO: OFFSET(#REF!,0,0,COUNT(#REF!),1)
Name DATA: #REF!
Name FF: #REF!
Name ffb: #REF!
Name JUROS: OFFSET(#REF!,0,0,COUNT(#REF!),1)
Name LISTA: #REF!
Name parcelas: OFFSET(#REF!,0,0,COUNT(#REF!),1)
Name RATING: #REF!
Name Record_Data_Cutoff: #REF!
Name Todos: #REF!
Name TotalGeral: #REF!

Sheet Visão Geral
AR1: Habite-se | AS1: 45778
B2: Relatório de Monitoramento Mensal - CRI C290 - 41ªEmissão da Cia Província de Securitização S.A. | I2: Histórico | AR2: Taxa Op | AS2: 0.1125
G3: 45748 | I3: 45717 | K3: 45689 | M3: 45658 | O3: 45627 | Q3: 45597 | S3: 45566 | U3: 45536 | W3: 45505 | Y3: 45474 | AA3: 45444 | AC3: 45413 | AE3: 45383 | AG3: 45352 | AI3: 45323 | AK3: 45292 | AM3: 45261 | AO3: Auditoria
B5: 1. | C5: Saldo Devedor da Carteira Full (Valor Nominal) | G5: =[1]Recebíveis!H9 -> 10880610 | I5: 11508218 | K5: 11288902 | M5: 11254269 | O5: 11242335 | Q5: 11409493 | S5: 10706545 | U5: 10200803 | W5: 10170696 | Y5: 10462562 | AA5: 9091302.9 | AC5: 8460687.3 | AE5: 8965353.7 | AG5: 9007372.4 | AI5: 8725951.7 | AK5: 8728445.6 | AM5: 8739477.8 | AO5: 8491468.2 | AR5: Data Base | AS5: 45323
C6: Elegível | G6: =SUMIFS([1]Recebíveis!$H:$H,[1]Recebíveis!$K:$K,"Elegível") -> 8430898.7 | I6: 9068187.7 | K6: 8293968.7 | M6: 8446716.3 | O6: 8144077.4 | Q6: 8718192.3 | S6: 7539407.6 | U6: 7487614 | W6: 7469810.6 | Y6: 8640303.3 | AA6: 6671738.4 | AC6: 6061919.5 | AE6: 6081634.6 | AG6: 6131762.9 | AI6: 5417278.8 | AK6: 5873742.5 | AM6: 7719515.4 | AO6: 7504586 | AR6: Término da Obra | AS6: 45565
C7: Inelegível | G7: =SUMIFS([1]Recebíveis!$H:$H,[1]Recebíveis!$K:$K,"Inelegível") -> 2449711.1 | I7: 2440030 | K7: 2994933.4 | M7: 2807552.4 | O7: 3098257.6 | Q7: 2691300.3 | S7: 3167137.1 | U7: 2713189.2 | W7: 2700885.1 | Y7: 1822258.6 | AA7: 2419564.5 | AC7: 2398767.8 | AE7: 2883719.2 | AG7: 2875609.4 | AI7: 3308672.9 | AK7: 2854703.2 | AM7: 1019962.4 | AO7: 986882.27
C8: não incluídas as unidades de SCP
B10: 2. | C10: Saldo Devedor da Carteira Full (Valor Presente - Taxa da Operação - 11,25% a.a.) | G10: =[1]Recebíveis!J9 -> 10292985 | I10: 10805755 | K10: 10497043 | M10: 10852819 | O10: 10742788 | Q10: 10816237 | S10: 10058163 | U10: 9466394.6 | W10: 9354433 | Y10: 9558545.7 | AA10: 8229927.2 | AC10: 7593613.5 | AE10: 8101119.3 | AG10: 8086050.5 | AI10: 7712137.6 | AK10: 7732173.4 | AM10: 7743205.6 | AO10: 7752720.9
C11: Elegível | G11: =SUMIFS([1]Recebíveis!$J:$J,[1]Recebíveis!$K:$K,"Elegível") -> 7974859.6 | I11: 8539933.2 | K11: 7704654.4 | M11: 8142001.5 | O11: 7790788.7 | Q11: 8274545.2 | S11: 7090243.7 | U11: 6937290.5 | W11: 6857927.4 | Y11: 7880673.2 | AA11: 6014288.1 | AC11: 5415933 | AE11: 5484672.3 | AG11: 5498781.4 | AI11: 4781930.9 | AK11: 4248046.5 | AM11: 6837564.3 | AO11: 6832404.2
C12: Inelegível | G12: =SUMIFS([1]Recebíveis!$J:$J,[1]Recebíveis!$K:$K,"Inelegível") -> 2318125.2 | I12: 2265822.2 | K12: 2792388.2 | M12: 2710817.5 | O12: 2951999.4 | Q12: 2541691.7 | S12: 2967919 | U12: 2529104.1 | W12: 2496505.6 | Y12: 1677872.5 | AA12: 2215639.1 | AC12: 2177680.6 | AE12: 2616447 | AG12: 2587269.1 | AI12: 2930206.7 | AK12: 3484126.9 | AM12: 905641.31 | AO12: 920316.68
C13: não incluídas as unidades de SCP
B15: 3. | C15: Disponibilidade do Empreendimento | G15: =G16+G19+G20+G21 -> 99 | I15: 99 | K15: 99 | M15: 99 | O15: 99 | Q15: 99 | S15: 99 | U15: 99 | W15: 99 | Y15: 99 | AA15: 99 | AC15: 99 | AE15: 99 | AG15: 99 | AI15: 99 | AK15: 99 | AM15: 99 | AO15: 99
C16: Contratos Vendidos e Cedidos à Operação com fluxo | G16: =SUM(G17:G18) -> 22 | I16: 22 | K16: 22 | M16: 22 | O16: 22 | Q16: 22 | S16: 21 | U16: 20 | W16: 20 | Y16: 20 | AA16: 18 | AC16: 17 | AE16: 18 | AG16: 18 | AI16: 18 | AK16: 18 | AM16: 18 | AO16: 18
C17: Elegível | G17: =COUNTIFS([1]Aging_Recebíveis!BP:OC,"ELEGÍVEL") -> 18 | I17: 18 | K17: 17 | M17: 17 | O17: 16 | Q17: 17 | S17: 15 | U17: 15 | W17: 15 | Y17: 17 | AA17: 14 | AC17: 13 | AE17: 13 | AG17: 13 | AI17: 12 | AK17: 13 | AM17: 16 | AO17: 16
C18: Inelegível | G18: =COUNTIFS([1]Aging_Recebíveis!BP:OC,"INELEGÍVEL") -> 4 | I18: 4 | K18: 5 | M18: 5 | O18: 6 | Q18: 5 | S18: 6 | U18: 5 | W18: 5 | Y18: 3 | AA18: 4 | AC18: 4 | AE18: 5 | AG18: 5 | AI18: 6 | AK18: 5 | AM18: 2 | AO18: 2
C19: Contratos Quitados | G19: =COUNTIFS([1]Estoque!$J:$J,"Quitado") -> 5 | I19: 4 | K19: 4 | M19: 4 | O19: 4 | Q19: 4 | S19: 4 | U19: 4 | W19: 4 | Y19: 4 | AA19: 4 | AC19: 4 | AE19: 4 | AG19: 4 | AI19: 4 | AK19: 4 | AM19: 4 | AO19: 4
C20: Disponíveis | G20: =COUNTIFS([1]Estoque!$J:$J,"Disponível") -> 68 | I20: 69 | K20: 69 | M20: 69 | O20: 69 | Q20: 69 | S20: 70 | U20: 71 | W20: 71 | Y20: 71 | AA20: 73 | AC20: 74 | AE20: 73 | AG20: 73 | AI20: 73 | AK20: 73 | AM20: 73 | AO20: 73
C21: Fora de Venda e/ou Dacionados | G21: =[1]Estoque!F2+[1]Estoque!F4 -> 4 | I21: 4 | K21: 4 | M21: 4 | O21: 4 | Q21: 4 | S21: 4 | U21: 4 | W21: 4 | Y21: 4 | AA21: 4 | AC21: 4 | AE21: 4 | AG21: 4 | AI21: 4 | AK21: 4 | AM21: 4 | AO21: 4
B23: 4. | C23: Contratos Vendidos no mês - Qtde | G23: =COUNTIFS('[1]Vendas no Mês'!$G:$G,"Operação") -> 1 | I23: 1 | K23: 0 | M23: 0 | O23: 0 | Q23: 2 | S23: 1 | U23: 0 | W23: 0 | Y23: 3 | AA23: 1 | AC23: 0 | AE23: 0 | AG23: 0 | AI23: 0 | AK23: 0 | AM23: 0 | AO23: 0
C24: Comentário: a unidade 403 foi trocada pela unidade 601 com acréscimo do saldo devedor. Aguardamos a formalização do documento
B26: 5. | C26: Contratos Vendidos no mês - Valor | G26: =SUM('[1]Vendas no Mês'!$F$10:$F$1048576) -> 589000 | I26: 829912 | K26: 0 | M26: 0 | O26: 0 | Q26: 1156000 | S26: 550300.03 | U26: 0 | W26: 0 | Y26: 1952041.1 | AA26: 575400 | AC26: 0 | AE26: 0 | AG26: 0 | AI26: 0 | AK26: 0 | AM26: 0 | AO26: 0
B28: 6. | C28: Distratos no mês | G28: =COUNTIFS('[1]Distrato no Mês'!$G:$G,"Distrato") -> 0 | I28: 1 | K28: 0 | M28: 0 | O28: 0 | Q28: 1 | S28: 0 | U28: 0 | W28: 0 | Y28: 1 | AA28: 0 | AC28: 1 | AE28: 0 | AG28: 0 | AI28: 0 | AK28: 0 | AM28: 0 | AO28: 0
B30: 7. | C30: Recebimentos - Total | G30: ='[1]Recebimentos - Mês'!M8 -> 1273836.7 | I30: 90954.65 | K30: 56323.05 | M30: 42710.29 | O30: 211843.27 | Q30: 45314.62 | S30: 146200.74 | U30: 35427.14 | W30: 360132.76 | Y30: 47412.01 | AA30: 22385.19 | AC30: 50738.8 | AE30: 67156.69 | AG30: 51691.13 | AI30: 54204.35 | AK30: 30900.41 | AM30: 70186.64 | AO30: 0
C32: Categoria do Recebimento | G32: =G33+G34+G35 -> 1273836.7 | I32: 90954.65 | K32: 56323.05 | M32: 42710.29 | O32: 211843.27 | Q32: 45314.62 | S32: 146200.74 | U32: 35427.14 | W32: 360132.76 | Y32: 47412.01 | AA32: 22385.19 | AC32: 49775.54 | AE32: 67156.69 | AG32: 51691.13 | AI32: 54204.35 | AK32: 30900.41 | AM32: 30102.45 | AO32: 0
C33: Recebimento com Vencimento Dentro do Mês - Valor Total (100%) | G33: =SUMIFS('[1]Recebimentos - Mês'!$M:$M,'[1]Recebimentos - Mês'!$O:$O,"mês",'[1]Recebimentos - Mês'!$L:$L,'Visão Geral'!G3) -> 321695.01 | I33: 33970.86 | K33: 51090.19 | M33: 40472.55 | O33: 200311.31 | Q33: 31856.34 | S33: 79765.06 | U33: 29362.79 | W33: 323586.01 | Y33: 45257.82 | AA33: 20243 | AC33: 47642.74 | AE33: 65078.56 | AG33: 51691.13 | AI33: 53552.69 | AK33: 30900.41 | AM33: 30102.45 | AO33: 0
C34: Recebimento por Antecipação de Parcelas (100%) | G34: =SUMIFS('[1]Recebimentos - Mês'!$M:$M,'[1]Recebimentos - Mês'!$O:$O,"Antecipação",'[1]Recebimentos - Mês'!$L:$L,'Visão Geral'!G3) -> 352141.72 | I34: 56983.79 | K34: 0 | M34: 0 | O34: 9309.27 | Q34: 6806.22 | S34: 64351.45 | U34: 6064.35 | W34: 36546.75 | Y34: 0 | AA34: 0 | AC34: 0 | AE34: 0 | AG34: 0 | AI34: 0 | AK34: 0 | AM34: 0 | AO34: 0
C35: Recebimento de parcelas em atraso (100%) | G35: =SUMIFS('[1]Recebimentos - Mês'!$M:$M,'[1]Recebimentos - Mês'!$O:$O,"Atraso",'[1]Recebimentos - Mês'!$L:$L,'Visão Geral'!G3) -> 600000 | I35: 0 | K35: 5232.86 | M35: 2237.74 | O35: 2222.69 | Q35: 6652.06 | S35: 2084.23 | U35: 0 | W35: 0 | Y35: 2154.19 | AA35: 2142.19 | AC35: 2132.8 | AE35: 2078.13 | AG35: 0 | AI35: 651.66 | AK35: 0 | AM35: 0 | AO35: 0
B37: 8. | C37: Contas de Recebimentos | G37: =SUM(G38:G39) -> 1273836.7 | I37: 90954.65 | K37: 56323.05 | M37: 42710.29 | O37: 211843.27 | Q37: 45314.62 | S37: 146200.74 | U37: 35427.14 | W37: 360132.76 | Y37: 47412.01 | AA37: 22385.19 | AC37: 50738.8 | AE37: 67156.69 | AG37: 51691.13 | AI37: 54204.35
C38: Patrimônio Separado | G38: =SUMIFS('[1]Recebimentos - Mês'!M:M,'[1]Recebimentos - Mês'!Q:Q,'Visão Geral'!C38) -> 1273836.7 | I38: 90954.65 | K38: 56323.05 | M38: 42710.29 | O38: 211843.27 | Q38: 45314.62 | S38: 146200.74 | U38: 35427.14 | W38: 360132.76 | Y38: 47412.01 | AA38: 22385.19 | AC38: 50738.8 | AE38: 67156.69 | AG38: 51691.13 | AI38: 53552.69
C39: Cedente | G39: =SUMIFS('[1]Recebimentos - Mês'!M:M,'[1]Recebimentos - Mês'!Q:Q,'Visão Geral'!C39) -> 0 | I39: 0 | K39: 0 | M39: 0 | O39: 0 | Q39: 0 | S39: 0 | U39: 0 | W39: 0 | Y39: 0 | AA39: 0 | AC39: 0 | AE39: 0 | AG39: 0 | AI39: 651.66
B41: 9. | C41: Inadimplência | G41: =[1]Inadimplência!K11 -> 232330.82 | I41: 827435.56 | K41: 471433.83 | M41: 465334.53 | O41: 462740.35 | Q41: 401221.1 | S41: 448985.47 | U41: 234496.2 | W41: 220935.03 | Y41: 226962.87 | AA41: 257634.18 | AC41: 254271.23 | AE41: 223744.52 | AG41: 150383.17 | AI41: 102667.32 | AK41: 79853.13 | AM41: 68797.27 | AO41: 29356.38
C42: Total de contratos inadimplentes | G42: =[1]Inadimplência!F6 -> 5 | I42: 5 | K42: 5 | M42: 7 | O42: 8 | Q42: 8 | S42: 8 | U42: 10 | W42: 7 | Y42: 9 | AA42: 7 | AC42: 8 | AE42: 9 | AG42: 8 | AI42: 6 | AK42: 7 | AM42: 6 | AO42: 4
C43: Inadimplência - Acima de 90 dias | G43: ='[1]Acima de 90 dias'!I10 -> 230169.45 | I43: 225813.56 | K43: 471433.83 | M43: 416221.69 | O43: 109925.9 | Q43: 88240.43 | S43: 138088.13 | U43: 217208.68 | W43: 212480.47 | Y43: 202251.54 | AA43: 250046.25 | AC43: 244654.03 | AE43: 176537.58 | AG43: 144227.34 | AI43: 102667.32 | AK43: 74287.16 | AM43: 33720.04 | AO43: 26974
C44: Saldo Vencido | G44: ='[1]Acima de 90 dias'!I10 -> 230169.45 | I44: 225813.56 | K44: 471433.83 | M44: 416221.69 | O44: 109925.9 | Q44: 88240.43 | S44: 138088.13 | U44: 217208.68 | W44: 212480.47 | Y44: 202251.54 | AA44: 250046.25 | AC44: 244654.03 | AE44: 176537.58 | AG44: 144227.34 | AI44: 102667.32 | AK44: 74287.16 | AM44: 33720.04 | AO44: 26974
C45: Saldo a Vencer | G45: ='[1]Acima de 90 dias'!J10 -> 2219541.6 | I45: 2214216.5 | K45: 2523499.6 | M45: 2856235.8 | O45: 2988331.7 | Q45: 2603059.9 | S45: 3029049 | U45: 2495980.5 | W45: 2488404.6 | Y45: 1620007.1 | AA45: 2169518.2 | AC45: 2154113.8 | AE45: 2707181.6 | AG45: 2731382.1 | AI45: 3206005.5 | AK45: 2780416 | AM45: 986242.38 | AO45: 959908.34
C46: Total de contratos inadimplentes Acima 90 dias em atraso | G46: =[1]Inadimplência!F5 -> 4 | I46: 4 | K46: 5 | M46: 5 | O46: 6 | Q46: 5 | S46: 6 | U46: 5 | W46: 5 | Y46: 3 | AA46: 4 | AC46: 4 | AE46: 6 | AG46: 6 | AI46: 6 | AK46: 5 | AM46: 2 | AO46: 2
C47: Participação da inadimplência acima de90 dias em atraso sobre o saldo devedor da Carteira | G47: =SUMIFS([1]Inadimplência!$K:$K,[1]Inadimplência!$I:$I,"Inelegível") -> 0.22514465 | I47: 0.21202501 | K47: 0.26529891 | M47: 0.24946555 | O47: 0.27558844 | Q47: 0.23588256 | S47: 0.29581319 | U47: 0.26597799 | W47: 0.3623996 | Y47: 0.48196022 | AA47: 0.4248129 | AC47: 0.49971606 | AE47: 0.47897133 | AG47: 0.46738741 | AI47: 0.37917616 | AK47: 0.32705745 | AM47: 0.11670748 | AO47: 0.1162
B49: 10. | C49: Previsto x Realizado | G49: =G50/(G50+G51) -> 0.98309539 | I49: 0.048856294 | K49: 0.8388607 | M49: 0.80611433 | O49: 0.75962214 | Q49: 0.76679193 | S49: 0.20152814 | U49: 0.70950474 | W49: 0.97748621 | Y49: 0.66891867 | AA49: 0.79456978 | AC49: 0.29828939 | AE49: 0.45132663 | AG49: 0.48814856 | AI49: 0.69980683 | AK49: 0.73649087 | AM49: 0.50129919 | AO49: 0
C50: Pago | G50: =SUMIFS([1]PrevistoxRealizado!$H:$H,[1]PrevistoxRealizado!$J:$J,"Pago") -> 321695.01 | I50: 33970.86 | K50: 51090.19 | M50: 40472.55 | O50: 200311.31 | Q50: 31856.34 | S50: 79765.06 | U50: 29362.79 | W50: 323586.01 | Y50: 45257.82 | AA50: 20243 | AC50: 48606 | AE50: 65078.56 | AG50: 51691.13 | AI50: 53552.69 | AK50: 41956.27 | AM50: 30102.45 | AO50: 0
C51: Em aberto | G51: =SUMIFS([1]PrevistoxRealizado!$H:$H,[1]PrevistoxRealizado!$J:$J,"Em Aberto") -> 5531.64 | I51: 661351.22 | K51: 9814.07 | M51: 9734.41 | O51: 63387.31 | Q51: 9688.62 | S51: 316036.05 | U51: 12022.12 | W51: 7452.94 | Y51: 22400.36 | AA51: 5233.68 | AC51: 114343.14 | AE51: 79115.37 | AG51: 54201.08 | AI51: 22972.27 | AK51: 30900.41 | AM51: 29946.42 | AO51: 0
B53: 11. | C53: Razão de Garantia Pós-Chaves (>=120%) | G53: =G54/(G55+G56) -> 0.29338127 | I53: 0.29672678 | K53: 0.29140149 | M53: 0.26500216 | O53: 0.24254061 | Q53: 0.25631516 | S53: 0.22101252 | U53: =U54/(U55+U56) -> 0.22088922 | W53: =W54/(W55+W56) -> 0.21966118 | Y53: =Y54/(Y55+Y56) -> 0.24690884 | AA53: =AA54/(AA55+AA56) -> 0.20652065 | AC53: =AC54/(AC55+AC56) -> 0.18775037 | AE53: =AE54/(AE55+AE56) -> 0.18690526 | AG53: =AG54/(AG55+AG56) -> 0.18646002 | AI53: =AI54/(AI55+AI56) -> 0.16333139 | AK53: =AK54/(AK55+AK56) -> 0.19251171 | AM53: =AM54/(AM55+AM56) -> 0.21015742
C54: DCE Pós-Chaves (valor nominal) | G54: =SUMIFS([1]Recebíveis!$U:$U,[1]Recebíveis!$K:$K,"Elegível",[1]Recebíveis!$L:$L,"Pós") -> 8660843.2 | I54: 8713206.2 | K54: 8535112.9 | M54: 7613804.5 | O54: 6985928.6 | Q54: 7355386.2 | S54: 6337707.3 | U54: 6334397.2 | W54: 6294832.6 | Y54: 7064987.9 | AA54: 5906179 | AC54: 5365587 | AE54: 5337247.8 | AG54: 5322617.6 | AI54: 4662030.9 | AK54: 5486583.6 | AM54: 7113828.8
C55: Saldo Devedor do CRI Integralizado até o Momento | G55: 28606701 | I55: 27548607 | K55: 27474072 | M55: 26915303 | O55: 25587211 | Q55: 23187103 | S55: 21566077 | U55: 19515905 | W55: 19496108 | Y55: 16602830 | AA55: 14087428 | AC55: 11726934 | AE55: 7363628.8 | AG55: 6452710.8 | AI55: 5400183.2 | AK55: 5356796.7 | AM55: 5350000
C56: Saldo Futuro a Integralizar no CRI | G56: 914076.83 | I56: 1815800.9 | K56: 1815800.9 | M56: 1815800.9 | O56: 3215918 | Q56: 5509546.1 | S56: 7109708.2 | U56: 9160901.6 | W56: 9160901.6 | Y56: 12010920 | AA56: 14511064 | AC56: 16851369 | AE56: 21192271 | AG56: 22092913 | AI56: 23143203 | AK56: 23143203 | AM56: 28500000
B61: 12. | C61: Razão de Garantia Pós-Chaves e Estoque (>=140%) | G61: =(G62+(G65*80%)+(G66*80%))/(G63+G64) -> 1.6197829 | I61: 1.6408486 | K61: 1.6291036 | M61: 1.6326077 | O61: 1.6296992 | Q61: 1.5482785 | S61: 1.5267731 | U61: =(U62+(U65*80%)+(U66*80%))/(U63+U64) -> 1.5721286 | W61: =(W62+(W65*80%)+(W66*80%))/(W63+W64) -> 1.5712423 | Y61: =(Y62+(Y65*80%)+(Y66*80%))/(Y63+Y64) -> 1.5772997 | AA61: =(AA62+(AA65*80%)+(AA66*80%))/(AA63+AA64) -> 1.5343722 | AC61: =(AC62+(AC65*80%)+(AC66*80%))/(AC63+AC64) -> 1.5050446 | AE61: =(AE62+(AE65*80%)+(AE66*80%))/(AE63+AE64) -> 1.5012498 | AG61: =(AG62+(AG65*80%)+(AG66*80%))/(AG63+AG64) -> 1.4488182 | AI61: =(AI62+(AI65*80%)+(AI66*80%))/(AI63+AI64) -> 1.4888088 | AK61: =(AK62+(AK65*80%)+(AK66*80%))/(AK63+AK64) -> 1.6665075 | AM61: =(AM62+(AM65*80%)+(AM66*80%))/(AM63+AM64) -> 1.3313044
C62: DCE Pós-Chaves (valor nominal) | G62: =G54 -> 8660843.2 | I62: 8713206.2 | K62: 8535112.9 | M62: 7613804.5 | O62: 6985928.6 | Q62: 7355386.2 | S62: 6337707.3 | U62: 6334397.2 | W62: 6294832.6 | Y62: 7064987.9 | AA62: 5906179 | AC62: 5365587 | AE62: 5337247.8 | AG62: 5322617.6 | AI62: 4662030.9 | AK62: 5486583.6 | AM62: 7113828.8
C63: Saldo Devedor do CRI Integralizado até o Momento | G63: =G55 -> 28606701 | I63: 27548607 | K63: 27474072 | M63: 26915303 | O63: 25587211 | Q63: 23187103 | S63: 21566077 | U63: 19515905 | W63: 19496108 | Y63: 16602830 | AA63: 14087428 | AC63: 11726934 | AE63: 7363628.8 | AG63: 6452710.8 | AI63: 5400183.2 | AK63: 5356796.7 | AM63: 5350000
C64: Saldo Futuro a Integralizar no CRI | G64: =G56 -> 914076.83 | I64: 1815800.9 | K64: 1815800.9 | M64: 1815800.9 | O64: 3215918 | Q64: 5509546.1 | S64: 7109708.2 | U64: 9160901.6 | W64: 9160901.6 | Y64: 12010920 | AA64: 14511064 | AC64: 16851369 | AE64: 21192271 | AG64: 22092913 | AI64: 23143203 | AK64: 23143203 | AM64: 28500000
C65: ID Pós-Chaves | G65: =SUMIFS([1]Recebíveis!$U:$U,[1]Recebíveis!$M:$M,"Sim") -> 2286486.6 | I65: 2300045.4 | K65: 2564777.4 | M65: 2704392.1 | O65: 3531506.6 | Q65: 3004258.4 | S65: 3160949.3 | U65: 3200923.4 | W65: 3179727.9 | Y65: 2348727.8 | AA65: 2880549.5 | AC65: 2053482.2 | AE65: 2458986.2 | AG65: 2452120.2 | AI65: 2832305.8 | AK65: 8054723.6 | AM65: 2982153.5
C66: Estoque | G66: =SUMIFS([1]Estoque!$C:$C,[1]Estoque!$J:$J,"Disponível")*AVERAGE([1]Estoque!M3:M5)/95% -> 46659022 | I66: 47036631 | K66: 46411629 | M66: 46411629 | O66: 46411629 | Q66: 43339516 | S66: 43643687 | U66: 45235612 | W66: 45235612 | Y66: 45235612 | AA66: 44587642 | AC66: 45004060 | AE66: 44456378 | AG66: 42591381 | AI66: 44459712 | AK66: 44456378 | AM66: 44456378
B72: 13. | C72: Razão de Garantia 2 (>=110%) | G72: =(G73+G74+G75+G76)/G78 -> 0.89091805 | I72: 0.92281947 | K72: 0.91700071 | M72: 1.0295448 | O72: 1.0938217 | Q72: 1.4173994 | S72: 1.2824365 | U72: =(U73+U74+U75+(U76*1%*U77))/U78 -> 1.2724659 | W72: =(W73+W74+W75+(W76*1%*W77))/W78 -> 1.2707468 | Y72: =(Y73+Y74+Y75+(Y76*1%*Y77))/Y78 -> 1.3057314 | AA72: =(AA73+AA74+AA75+(AA76*1%*AA77))/AA78 -> 1.2561265 | AC72: =(AC73+AC74+AC75+(AC76*1%*AC77))/AC78 -> 1.2571603 | AE72: =(AE73+AE74+AE75+(AE76*1%*AE77))/AE78 -> 1.2641526 | AG72: =(AG73+AG74+AG75+(AG76*1%*AG77))/AG78 -> 1.2850229 | AI72: =(AI73+AI74+AI75+(AI76*1%*AI77))/AI78 -> 1.2868385 | AK72: =(AK73+AK74+AK75+(AK76*1%*AK77))/AK78 -> 1.2978427 | AM72: =(AM73+AM74+AM75+(AM76*1%*AM77))/AM78 -> 1.3060434
C73: Caixa | G73: 1874143.8 | I73: 438773.72 | K73: 2401109 | M73: 3757167.3 | O73: 3489348 | Q73: 2941239.2 | S73: 2868162.2 | U73: 2626213.5 | W73: 4270373 | Y73: 3688987.2 | AA73: 3600292.5 | AC73: 3610458.2 | AE73: 902734.72 | AG73: 1230741.4 | AI73: 1871596.3 | AK73: 3410783.4 | AM73: 0
C74: DCE Pré-Chaves | G74: =SUMIFS([1]Recebíveis!$U:$U,[1]Recebíveis!$K:$K,"Elegível",[1]Recebíveis!$L:$L,"Pré") -> 2161.37 | I74: 622515.02 | K74: 57792.465 | M74: 832911.8 | O74: 1158148.8 | Q74: 1362806.1 | S74: 1201700.2 | U74: 1153217 | W74: 1174978 | Y74: 1575315.4 | AA74: 765559.36 | AC74: 696332.46 | AE74: 744386.74 | AG74: 809145.31 | AI74: 755247.88 | AK74: 387158.8 | AM74: 605686.55
C75: Saldo Futuro a Integralizar no CRI | G75: =G56 -> 914076.83 | I75: 1815800.9 | K75: 1815800.9 | M75: 1815800.9 | O75: 3215918 | Q75: 5509546.1 | S75: 7109708.2 | U75: 9160901.6 | W75: 9160901.6 | Y75: 12010920 | AA75: 14511064 | AC75: 16851369 | AE75: 21192271 | AG75: 22092913 | AI75: 23143203 | AK75: 23143203 | AM75: 28500000
C76: Estoque * 1% | G76: =[1]Estoque!P6 -> 1411207.4 | I76: 1900706.8 | K76: 1867841.2 | M76: 46411629 | O76: 46411629 | Q76: 43339516 | S76: 43643687 | U76: 45235612 | W76: 45235612 | Y76: 45235612 | AA76: 44587642 | AC76: 45004060 | AE76: 44456378 | AG76: 44456378 | AI76: 44459712 | AK76: 44456378 | AM76: 44456378
C77: Dif Meses Hoje ao Término da Obra* | G77: 3 | I77: 4 | K77: 3 | M77: 4 | O77: 5 | Q77: 6 | S77: 7 | U77: 8 | W77: 9 | Y77: 10 | AA77: 11 | AC77: 12 | AE77: 13 | AG77: 14 | AI77: 15 | AK77: 16 | AM77: 17
C78: Saldo de Obra | G78: 4716022.2 | I78: 5177390.2 | K78: 6698515.6 | M78: 8476038.5 | O78: 9734778.8 | Q78: =SUM('[1]Projeção Custos de Obra'!BF11:BK11)*-1 -> 11444382 | S78: 11439994 | U78: 13013457 | W78: 14698016 | Y78: 16694692 | AA78: 18932453 | AC78: 21125903 | AE78: 22638661 | AG78: 23623464 | AI78: 25208294 | AK78: 26239054 | AM78: 28072016
C79: Custos de Obra do mês seguinte (05/2025) | G79: 2174981.5 | I79: 2521433.3 | K79: 2132259.4 | M79: 2228664.4 | O79: 2089348.2 | Q79: 1760124.7 | S79: 2215493.3 | U79: 1573463.5 | W79: 1684558.9 | Y79: 1996675.7 | AA79: 2237761.4 | AC79: 2193449.3 | AE79: 1512758.3 | AG79: 984803 | AI79: 1584830.2 | AK79: 1030760
C80: * estamos considerando a data de entrega de obra o mês final do orçamento. Eventual alteração dos gastos previsto ou prorrogação da obra refletirá o prazo
AR86: Taxa Op | AS86: 0.1125
